General information
- name: BNet
- type: Ladder team game (AT/RT)
- host: Battle.net
- saver: wtf.wtf.wtf.wtf
map: MarketSquare
- players: 8
- length: 38:25
- speed: Fast
- version: 1.26 W3XP
- replay type: Public
» download(234 KB)
Players
team 1 (winner)
westaccc (
yellow | 46 APM | 1567 actions | 34:16)
3 Demon Hunter
1 Immolation
1 Mana Burn
1 Evasion
1 Keeper of the Grove
1 Entangling Roots
» actions
| Assign group hotkey | 34 | |
| Basic commands | 49 | |
| Build / train | 107 | |
| ESC pressed | 8 | |
| Enter build submenu | 50 | |
| Enter hero's abilities submenu | 4 | |
| Right click | 418 | |
| Select / deselect | 402 | |
| Select group hotkey | 338 | |
| Use ability | 157 | |
1567 total
» units
| Wisp | 67 | |
| Archer | 10 | |
| Hippogryph | 5 | |
82 total
» upgrades
| Strength of the Wild | 2 | |
| Reinforced Hides | 1 | |
3 total
» buildings
| Altar of Elders | 2 | |
| Moon Well | 8 | |
| Ancient of War | 2 | |
| Ancient of Wonders | 1 | |
| Tree of Life | 7 | |
| Tree of Ages | 2 | |
| Hunter's Hall | 2 | |
| Ancient Protector | 26 | |
| Tree of Eternity | 1 | |
| Ancient of Wind | 1 | |
52 total
» build order
00:07 Altar of Elders
00:20 Moon Well
01:15 Ancient of War
01:29 Moon Well
01:49 Ancient of War
02:26 Moon Well
03:26 Ancient of Wonders
04:59 Tree of Life
05:04 Tree of Ages
05:04 Tree of Ages
05:53 Hunter's Hall
06:30 Tree of Life
06:49 Moon Well
07:15 Ancient Protector
07:18 Ancient Protector
07:49 Ancient Protector
07:51 Ancient Protector
08:38 Moon Well
08:43 Tree of Eternity
09:14 Ancient of Wind
09:55 Tree of Life
09:59 Ancient Protector
11:13 Tree of Life
12:41 Tree of Life
12:50 Ancient Protector
13:37 Tree of Life
14:55 Tree of Life
16:20 Ancient Protector
16:25 Ancient Protector
18:39 Ancient Protector
21:05 Ancient Protector
21:54 Hunter's Hall
21:57 Moon Well
22:12 Moon Well
22:58 Moon Well
23:04 Ancient Protector
23:08 Ancient Protector
23:12 Ancient Protector
23:14 Ancient Protector
23:17 Ancient Protector
23:25 Ancient Protector
23:30 Ancient Protector
23:59 Altar of Elders
24:18 Ancient Protector
24:23 Ancient Protector
24:41 Ancient Protector
24:45 Ancient Protector
24:49 Ancient Protector
26:09 Ancient Protector
26:12 Ancient Protector
26:16 Ancient Protector
26:19 Ancient Protector
» items
| Dust of Appearance | 7 | |
| Potion of Healing | 4 | |
| Orb of Venom | 1 | |
12 total
BigBird (
green | 43 APM | 1658 actions | 38:24)
10 Blademaster
3 Wind Walk
3 Critical Strike
1 Bladestorm
3 Mirror Image
» actions
| Assign group hotkey | 19 | |
| Basic commands | 152 | |
| Build / train | 60 | |
| Enter build submenu | 28 | |
| Enter hero's abilities submenu | 10 | |
| Give item / drop item | 3 | |
| Right click | 926 | |
| Select / deselect | 264 | |
| Select group hotkey | 81 | |
| Use ability | 115 | |
1658 total
» units
» upgrades
| Ranged Weapons | 3 | |
| Armor | 3 | |
| Reinforced Defenses | 1 | |
| Envenomed Spears | 1 | |
8 total
» buildings
| Orc Burrow | 6 | |
| Altar of Storms | 1 | |
| Barracks | 1 | |
| Voodoo Lounge | 1 | |
| Stronghold | 3 | |
| War Mill | 2 | |
| Great Hall | 1 | |
| Fortress | 1 | |
| Watch Tower | 15 | |
| Beastiary | 3 | |
34 total
» build order
00:11 Orc Burrow
00:25 Orc Burrow
01:10 Altar of Storms
01:12 Barracks
02:18 Voodoo Lounge
02:53 Stronghold
02:53 Stronghold
02:53 Stronghold
04:08 War Mill
05:16 Great Hall
08:39 Fortress
08:48 War Mill
08:53 Watch Tower
08:54 Watch Tower
08:54 Watch Tower
08:54 Watch Tower
08:55 Watch Tower
08:55 Watch Tower
08:56 Watch Tower
10:57 Watch Tower
10:58 Watch Tower
10:59 Watch Tower
10:59 Watch Tower
11:01 Watch Tower
11:01 Watch Tower
11:01 Watch Tower
12:01 Beastiary
12:02 Beastiary
12:02 Beastiary
13:15 Orc Burrow
13:16 Orc Burrow
13:17 Orc Burrow
13:19 Orc Burrow
» items
| Healing Salve | 1 | |
| Scroll of Town Portal | 1 | |
| Lesser Clarity Potion | 1 | |
| Periapt of Vitality | 1 | |
| Potion of Lesser Invulnerability | 1 | |
| Staff of Teleportation | 1 | |
| Orb of Corruption | 1 | |
7 total
wtf.wtf.wtf.wtf (
blue | 102 APM | 3915 actions | 38:25)
9 Archmage
3 Summon Water Elemental
3 Brilliance Aura
1 Mass Teleport
2 Blizzard
» actions
| Assign group hotkey | 111 | |
| Basic commands | 325 | |
| Build / train | 145 | |
| ESC pressed | 2 | |
| Enter build submenu | 46 | |
| Enter hero's abilities submenu | 9 | |
| Give item / drop item | 4 | |
| Right click | 1432 | |
| Select / deselect | 461 | |
| Select group hotkey | 1062 | |
| Use ability | 318 | |
3915 total
» units
| Peasant | 17 | |
| Footman | 4 | |
| Rifleman | 11 | |
| Mortar Team | 4 | |
| Priest | 2 | |
| Siege Engine | 1 | |
39 total
» upgrades
| Masonry | 3 | |
| Swords | 3 | |
| Armor | 4 | |
| Gunpowder | 3 | |
| Long Rifles | 1 | |
| Lumber Harvesting | 2 | |
| Fragmentation Shards | 1 | |
| Barrage | 1 | |
| Flak Cannons | 1 | |
| Plating | 3 | |
| Flying Machine Bombs | 1 | |
| Priest Training | 2 | |
| Sorceress Training | 2 | |
27 total
» buildings
| Altar of Kings | 1 | |
| Barracks | 2 | |
| Farm | 11 | |
| Blacksmith | 1 | |
| Lumber Mill | 1 | |
| Town Hall | 2 | |
| Arcane Vault | 1 | |
| Scout Tower | 21 | |
| Keep | 3 | |
| Guard Tower | 26 | |
| Castle | 1 | |
| Workshop | 3 | |
| Arcane Sanctum | 2 | |
75 total
» build order
00:37 Altar of Kings
00:40 Barracks
00:51 Farm
01:07 Farm
01:40 Farm
01:54 Farm
02:10 Blacksmith
02:44 Lumber Mill
03:58 Town Hall
04:17 Arcane Vault
05:46 Scout Tower
05:49 Scout Tower
06:04 Scout Tower
06:06 Keep
06:06 Keep
06:23 Guard Tower
06:23 Guard Tower
06:24 Guard Tower
06:54 Farm
06:55 Farm
06:56 Farm
08:35 Castle
08:40 Scout Tower
08:41 Scout Tower
08:43 Scout Tower
09:15 Guard Tower
09:15 Guard Tower
09:16 Guard Tower
09:16 Guard Tower
09:23 Guard Tower
09:23 Guard Tower
09:24 Guard Tower
10:02 Barracks
10:05 Workshop
10:08 Workshop
10:14 Scout Tower
10:17 Scout Tower
11:40 Guard Tower
11:40 Guard Tower
13:32 Workshop
13:43 Arcane Sanctum
13:44 Arcane Sanctum
21:24 Farm
21:27 Farm
21:28 Farm
21:30 Farm
22:02 Scout Tower
22:20 Scout Tower
22:21 Scout Tower
22:22 Scout Tower
22:23 Scout Tower
23:42 Guard Tower
23:42 Guard Tower
23:43 Guard Tower
23:43 Guard Tower
24:51 Scout Tower
24:53 Scout Tower
24:53 Scout Tower
24:54 Scout Tower
24:58 Scout Tower
24:58 Scout Tower
25:00 Scout Tower
25:01 Scout Tower
29:13 Guard Tower
29:13 Guard Tower
29:14 Guard Tower
31:41 Town Hall
» items
| Scroll of Regeneration | 8 | |
| Mechanical Critter | 3 | |
| Scroll of Town Portal | 5 | |
| Potion of Healing | 6 | |
| Staff of Sanctuary | 1 | |
| Anti-magic Potion | 1 | |
| Orb of Venom | 1 | |
25 total

»
Redempliz (
purple | 37 APM | 1437 actions | 38:24)
8 Death Knight
3 Death Coil
3 Death Pact
1 Unholy Aura
1 Animate Dead
» actions
| Assign group hotkey | 82 | |
| Basic commands | 64 | |
| Build / train | 82 | |
| Enter build submenu | 22 | |
| Enter hero's abilities submenu | 8 | |
| Right click | 656 | |
| Select / deselect | 394 | |
| Select group hotkey | 101 | |
| Use ability | 28 | |
1437 total
» units
| Acolyte | 5 | |
| Ghoul | 5 | |
| Crypt Fiend | 34 | |
| Frost Wyrm | 10 | |
54 total
» upgrades
| Web | 1 | |
| Creature Attack | 3 | |
| Creature Carapace | 3 | |
| Freezing Breath | 1 | |
8 total
» buildings
| Altar of Darkness | 1 | |
| Crypt | 2 | |
| Ziggurat | 8 | |
| Nerubian Tower | 1 | |
| Tomb of Relics | 1 | |
| Graveyard | 1 | |
| Halls of the Dead | 1 | |
| Sacrificial Pit | 1 | |
| Black Citadel | 1 | |
| Boneyard | 1 | |
| Spirit Tower | 3 | |
21 total
» build order
00:20 Altar of Darkness
00:23 Crypt
00:32 Ziggurat
01:28 Nerubian Tower
01:37 Ziggurat
02:06 Tomb of Relics
02:38 Graveyard
03:03 Halls of the Dead
04:14 Crypt
04:21 Ziggurat
04:40 Ziggurat
05:48 Sacrificial Pit
06:41 Black Citadel
09:04 Boneyard
10:27 Ziggurat
10:28 Ziggurat
10:38 Ziggurat
10:41 Ziggurat
21:30 Spirit Tower
21:31 Spirit Tower
26:01 Spirit Tower
team 2 (loser)
Koko_the_monkey (
pink | 34 APM | 566 actions | 16:53)
3 Death Knight
1 Death Coil
2 Unholy Aura
1 Crypt Lord
1 Spiked Carapace
» actions
| Assign group hotkey | 49 | |
| Build / train | 44 | |
| ESC pressed | 1 | |
| Enter build submenu | 16 | |
| Enter hero's abilities submenu | 4 | |
| Right click | 303 | |
| Select / deselect | 74 | |
| Select group hotkey | 46 | |
| Use ability | 29 | |
566 total
» units
| Acolyte | 2 | |
| Ghoul | 3 | |
| Crypt Fiend | 15 | |
20 total
» upgrades
| Creature Attack | 3 | |
| Web | 1 | |
| Creature Carapace | 2 | |
6 total
» buildings
| Graveyard | 1 | |
| Crypt | 1 | |
| Ziggurat | 8 | |
| Altar of Darkness | 1 | |
| Nerubian Tower | 2 | |
| Halls of the Dead | 1 | |
| Spirit Tower | 5 | |
| Black Citadel | 1 | |
| Tomb of Relics | 3 | |
23 total
» build order
00:14 Graveyard
00:31 Crypt
00:46 Ziggurat
01:20 Altar of Darkness
01:28 Ziggurat
01:56 Nerubian Tower
01:56 Nerubian Tower
03:04 Halls of the Dead
03:45 Spirit Tower
03:54 Ziggurat
05:11 Ziggurat
05:28 Ziggurat
08:47 Black Citadel
13:23 Ziggurat
13:26 Tomb of Relics
13:37 Tomb of Relics
13:42 Tomb of Relics
13:48 Spirit Tower
13:48 Spirit Tower
13:57 Ziggurat
14:11 Ziggurat
16:26 Spirit Tower
16:27 Spirit Tower

»
xenogears (
teal | 123 APM | 2674 actions | 21:49)
5 Archmage
3 Summon Water Elemental
2 Brilliance Aura
» actions
| Assign group hotkey | 45 | |
| Build / train | 68 | |
| Enter build submenu | 17 | |
| Enter hero's abilities submenu | 5 | |
| Remove unit from queue | 1 | |
| Right click | 1085 | |
| Select / deselect | 394 | |
| Select group hotkey | 1027 | |
| Use ability | 32 | |
2674 total
» units
| Peasant | 15 | |
| Footman | 9 | |
| Sorceress | 10 | |
| Knight | 11 | |
45 total
» upgrades
| Swords | 3 | |
| Lumber Harvesting | 1 | |
| Plating | 3 | |
| Sorceress Training | 2 | |
| Animal War Training | 1 | |
| Masonry | 1 | |
11 total
» buildings
| Farm | 10 | |
| Altar of Kings | 1 | |
| Barracks | 1 | |
| Keep | 1 | |
| Blacksmith | 1 | |
| Lumber Mill | 1 | |
| Arcane Sanctum | 1 | |
| Castle | 1 | |
| Arcane Vault | 1 | |
18 total
» build order
00:23 Farm
00:27 Altar of Kings
00:50 Barracks
01:05 Farm
01:44 Farm
02:22 Farm
03:31 Keep
03:58 Farm
04:02 Blacksmith
04:25 Lumber Mill
05:27 Farm
05:59 Arcane Sanctum
06:28 Castle
07:22 Farm
08:42 Arcane Vault
10:34 Farm
11:13 Farm
11:53 Farm
» items
| Orb of Fire | 1 | |
| Scroll of Town Portal | 2 | |
3 total
YELLOWBRICKROAD (
orange | 69 APM | 2658 actions | 38:24)
5 Blademaster
3 Wind Walk
2 Critical Strike
5 Shadow Hunter
2 Hex
3 Healing Wave
» actions
| Assign group hotkey | 53 | |
| Basic commands | 11 | |
| Build / train | 82 | |
| Enter build submenu | 25 | |
| Enter hero's abilities submenu | 10 | |
| Give item / drop item | 5 | |
| Remove unit from queue | 1 | |
| Right click | 1332 | |
| Select / deselect | 236 | |
| Select group hotkey | 735 | |
| Use ability | 168 | |
2658 total
» units
| Peon | 11 | |
| Wind Rider | 8 | |
| Rifleman | 4 | |
| Acolyte | 6 | |
| Troll Batrider | 2 | |
| Peasant | 2 | |
33 total
» upgrades
| Ranged Weapons | 2 | |
| Armor | 2 | |
| Reinforced Defenses | 1 | |
| Envenomed Spears | 1 | |
| Liquid Fire | 1 | |
7 total
» buildings
| Altar of Storms | 1 | |
| Orc Burrow | 6 | |
| War Mill | 1 | |
| Voodoo Lounge | 1 | |
| Watch Tower | 30 | |
| Stronghold | 1 | |
| Beastiary | 3 | |
| Fortress | 1 | |
| Great Hall | 2 | |
| Sacrificial Pit | 1 | |
47 total
» build order
00:10 Altar of Storms
00:22 Orc Burrow
00:48 War Mill
01:11 Voodoo Lounge
02:00 Watch Tower
02:24 Watch Tower
02:38 Watch Tower
03:04 Orc Burrow
03:29 Stronghold
04:17 Orc Burrow
04:19 Orc Burrow
05:05 Watch Tower
05:06 Watch Tower
06:03 Beastiary
06:04 Beastiary
08:08 Fortress
09:18 Watch Tower
09:18 Watch Tower
09:24 Watch Tower
16:07 Watch Tower
16:08 Watch Tower
16:08 Watch Tower
16:09 Watch Tower
16:36 Watch Tower
16:36 Watch Tower
16:37 Watch Tower
16:37 Watch Tower
18:11 Watch Tower
18:11 Watch Tower
18:12 Watch Tower
18:12 Watch Tower
18:47 Watch Tower
18:48 Watch Tower
19:47 Great Hall
19:49 Watch Tower
19:50 Watch Tower
19:50 Watch Tower
19:51 Watch Tower
23:14 Beastiary
23:58 Orc Burrow
24:00 Orc Burrow
26:46 Sacrificial Pit
27:52 Watch Tower
27:52 Watch Tower
27:53 Watch Tower
32:39 Great Hall
» items
| Healing Salve | 5 | |
| Lesser Clarity Potion | 5 | |
| Staff of Teleportation | 1 | |
| Potion of Mana | 3 | |
| Potion of Healing | 1 | |
| Scroll of Town Portal | 4 | |
| Tiny Great Hall | 1 | |
| Scroll of Healing | 2 | |
| Potion of Lesser Invulnerability | 1 | |
| Boots of Speed | 1 | |
| Orb of Lightning | 1 | |
25 total

»
Graziela (
red | 41 APM | 942 actions | 23:12)
3 Lich
2 Frost Nova
1 Frost Armor
1 Crypt Lord
1 Impale
» actions
| Assign group hotkey | 46 | |
| Build / train | 89 | |
| Enter build submenu | 22 | |
| Enter hero's abilities submenu | 4 | |
| Give item / drop item | 1 | |
| Remove unit from queue | 3 | |
| Right click | 224 | |
| Select / deselect | 273 | |
| Select group hotkey | 221 | |
| Use ability | 59 | |
942 total
» units
| Acolyte | 25 | |
| Ghoul | 6 | |
| Crypt Fiend | 21 | |
| Frost Wyrm | 7 | |
59 total
» upgrades
» buildings
| Ziggurat | 8 | |
| Altar of Darkness | 1 | |
| Crypt | 1 | |
| Graveyard | 1 | |
| Tomb of Relics | 2 | |
| Necropolis | 1 | |
| Spirit Tower | 4 | |
| Halls of the Dead | 1 | |
| Black Citadel | 1 | |
| Sacrificial Pit | 1 | |
| Boneyard | 3 | |
24 total
» build order
00:13 Ziggurat
00:18 Altar of Darkness
00:42 Crypt
01:05 Graveyard
01:32 Ziggurat
01:48 Tomb of Relics
01:55 Tomb of Relics
05:06 Ziggurat
05:23 Ziggurat
06:44 Necropolis
06:49 Ziggurat
06:51 Ziggurat
06:55 Ziggurat
07:46 Spirit Tower
08:23 Halls of the Dead
08:26 Spirit Tower
08:29 Spirit Tower
12:20 Black Citadel
12:46 Sacrificial Pit
13:01 Ziggurat
14:22 Spirit Tower
15:05 Boneyard
15:12 Boneyard
16:03 Boneyard
» items
| Rod of Necromancy | 2 | |
| Scroll of Town Portal | 4 | |
| Potion of Healing | 6 | |
| Potion of Mana | 3 | |
15 total
Chat log
(01:38 / All) YELLOWBRICKROAD: if noone harasses my base ill give pics of my sister to everyone here
(02:00 / All) Redempliz: shame on you
(02:18 / All) Redempliz: you dont have a sister.
(06:24 / Allies) Redempliz: dispell
(10:52 / Allies) wtf.wtf.wtf.wtf: I don't need or want your help creeping purple
(11:01 / Allies) Redempliz: lol
(11:01 / Allies) Redempliz: k
(11:06 / Allies) wtf.wtf.wtf.wtf: thanks
(11:39 / Allies) Redempliz: we should hit though..
(11:54 / Allies) wtf.wtf.wtf.wtf: hit here?
(11:55 / All) BigBird: You die now green
(12:05 / Allies) BigBird: lumber
(12:06 / Allies) Redempliz: k
(12:53 / Allies) Redempliz: b?
(12:58 / Allies) wtf.wtf.wtf.wtf: tp
(13:24 / Allies) BigBird: 0lumber
(14:44 / Allies) Redempliz: oj mh
(14:46 / Allies) Redempliz: hard
(14:49 / Allies) westaccc: yup
(15:08 / Allies) wtf.wtf.wtf.wtf: want gloves of haste green?
(15:53 / Allies) Redempliz: green where are your units
(16:02 / Allies) BigBird: don't need
(16:05 / Allies) Redempliz: lol
(16:06 / Allies) Redempliz: k
(17:06 / All) Redempliz: why tp
(17:06 / Allies) Redempliz: wtf
(17:17 / Allies) Redempliz: damnit
(17:23 / Allies) wtf.wtf.wtf.wtf: so that I don't lose my hero
(17:31 / Allies) wtf.wtf.wtf.wtf: and bcuz I have mass tp
(17:36 / Allies) westaccc: some help
(17:36 / Allies) Redempliz: ok
(18:06 / Allies) westaccc: help
(18:07 / Allies) westaccc: tp
(18:15 / Allies) wtf.wtf.wtf.wtf: nah
(18:16 / Allies) wtf.wtf.wtf.wtf: it's over
(18:31 / Allies) wtf.wtf.wtf.wtf: besides
(18:33 / Allies) wtf.wtf.wtf.wtf: you sucked
(19:00 / Allies) westaccc: oj fucking harrass all game long u fucking fag
(19:08 / Allies) westaccc: i cnat build anything
(19:20 / Allies) westaccc: ill tk every fucking u in blue
(19:26 / Allies) wtf.wtf.wtf.wtf: cuz you suck
(19:29 / Allies) wtf.wtf.wtf.wtf: you lose to harass
(19:30 / Allies) wtf.wtf.wtf.wtf: cuz u suck
(19:36 / Allies) westaccc: will see who suck than fag
(19:53 / Allies) wtf.wtf.wtf.wtf: you suck
(19:55 / Allies) wtf.wtf.wtf.wtf: suck my dick, fag
(20:17 / Allies) Redempliz: teals getting strong
(20:21 / Allies) Redempliz: we need to work together..
(20:29 / Allies) Redempliz: guys stop wasteing time
(20:30 / Allies) Redempliz: with that bs
(20:47 / Allies) wtf.wtf.wtf.wtf: Suck it homo
(21:04 / All) YELLOWBRICKROAD: yellow u need to learn when to give up
(21:11 / All) wtf.wtf.wtf.wtf: Yellow is horrible at this game
(21:14 / All) wtf.wtf.wtf.wtf: He should just uninstall
(21:20 / All) westaccc: U NEED STOP WITH MH
(21:23 / All) BigBird: how taste my big peepee teal
(21:37 / All) YELLOWBRICKROAD: lawl i am not hacking its just obvious u were doing a bad job at defending ur expo
(21:39 / All) westaccc: AND FUCKING GREEN WITH 12K
(21:40 / Allies) Redempliz: come blue
(21:43 / Allies) wtf.wtf.wtf.wtf: brt
(22:29 / All) YELLOWBRICKROAD: i dont care spic
(22:41 / All) YELLOWBRICKROAD: next time when i say hit an expo u better hit it with me
(24:22 / All) Redempliz: lol oj with his maphack
(24:31 / All) YELLOWBRICKROAD: baby cryyyyyy
(24:36 / All) Redempliz: you fucking suck.
(24:51 / All) YELLOWBRICKROAD: ask yellow hes pretty sure im pro
(25:04 / All) westaccc: at mh
(25:06 / Allies) wtf.wtf.wtf.wtf: lol
(25:08 / All) westaccc: yes u are
(25:30 / All) YELLOWBRICKROAD: gj retard lawl
(25:50 / Allies) Redempliz: k i need help
(25:51 / Allies) Redempliz: ...
(25:52 / Allies) Redempliz: lol
(26:46 / Allies) Redempliz: blue go oj man
(26:46 / Allies) BigBird: oh I never noticed the gloves
(26:48 / Allies) Redempliz: ><
(26:54 / Allies) BigBird: those gloves made my bm rape
(26:59 / All) YELLOWBRICKROAD: not hacking
(27:00 / All) YELLOWBRICKROAD: just lucky
(27:05 / All) Redempliz: LOL
(27:08 / All) Redempliz: LIAR.
(27:25 / All) YELLOWBRICKROAD: u have no proof just been raping yellow all game with skill
(27:57 / Allies) wtf.wtf.wtf.wtf: You are a great player yellow
(28:24 / Allies) wtf.wtf.wtf.wtf: focus that am, when you have moonwells and I have pots
(28:30 / All) YELLOWBRICKROAD: wow
(28:39 / All) YELLOWBRICKROAD: bats cant kill when webbed
(28:40 / All) YELLOWBRICKROAD: thats so gay
(28:54 / All) Redempliz: ya im just waiting for them to get done bsing yelow
(28:57 / All) Redempliz: so we can kill you
(29:08 / Allies) wtf.wtf.wtf.wtf: Yellow, please just never play WC3 again
(29:11 / Allies) wtf.wtf.wtf.wtf: You are absolutely horrible
(29:12 / All) Redempliz: well now im being bsed.
(29:18 / All) YELLOWBRICKROAD: dont use that as an excuse, ive been 1v2ing u and yellow all game
(29:20 / Allies) BigBird: did you expect something different?
(29:29 / All) Redempliz: why?
(29:44 / All) Redempliz: why...
(29:45 / All) YELLOWBRICKROAD: cuz im more leet
(29:55 / All) Redempliz: you guyz friends huh
(30:11 / All) YELLOWBRICKROAD: yellow admit on a scale from 1-10 how pissed did this game make u
(30:14 / All) YELLOWBRICKROAD: i know ur pissed
(30:16 / All) YELLOWBRICKROAD: i denied ur shit all game
(30:42 / Allies) BigBird: we tked with clean precision lol
(30:50 / Allies) wtf.wtf.wtf.wtf: surgical tking
(30:57 / All) YELLOWBRICKROAD: purp u had the perfect opportunity to rape me i had no tp when i was killing yellows main
(31:46 / Allies) wtf.wtf.wtf.wtf: thanks for the mine, purple
(33:36 / Allies) BigBird: damn I forgot I sold mask of death
(33:53 / Allies) wtf.wtf.wtf.wtf: why did you sell it
(34:27 / Allies) wtf.wtf.wtf.wtf: LEAVE FAG PURPLE
(34:28 / Allies) wtf.wtf.wtf.wtf: LEAVE!
(35:00 / All) BigBird: pussy
(35:04 / All) YELLOWBRICKROAD: dddddd
(36:45 / All) wtf.wtf.wtf.wtf: Inner fired rifles and siege units kill bases so fast
(37:04 / All) BigBird: oh shit lawl
(37:27 / All) BigBird: it didn't want to wind walk
(38:00 / All) wtf.wtf.wtf.wtf: Purple
(38:04 / All) wtf.wtf.wtf.wtf: Any final words for us?
(38:20 / All) wtf.wtf.wtf.wtf: guess that's a no